[Event "FTX Crypto Cup MCCT 2022"]
[Site "Miami"]
[Date "2022.08.11"]
[Round "7.2"]
[White "Praggnanandhaa R"]
[Black "Carlsen, Magnus"]
[Result "1/2-1/2"]
[ECO "D38"]
[WhiteElo "2648"]
[BlackElo "2864"]
[Annotator "TA"]
[PlyCount "129"]
[EventDate "2022.08.10"]
[EventType "tourn"]
[EventCountry "USA"]
[SourceTitle "playchess.com"]
[Source "ChessBase"]
[SourceQuality "1"]
[TimeControl "900+10"]

1. d4 Nf6 2. c4 e6 3. Nf3 d5 4. Nc3 Bb4 5. Qa4+ Nc6 6. e3 O-O 7. Qc2 {[%emt 0:00:15] D38: Queen's Gambit Declined: Ragozin Defence (4 Nf3 Bb4).} Na5 {[%emt 0:01:30] [#]} 8. cxd5 $146 ({Predecessor:} 8. c5 b6 9. Bd2 Nc4 10. a3 Nxd2 11. Nxd2 Bxc3 12. Qxc3 a5 13. Rc1 Ba6 14. cxb6 cxb6 15. Bxa6 Rxa6 {½-½ (64) Ding,L (2806)-Caruana,F (2783) Madrid 2022}) 8... exd5 9. Bd3 c5 10. dxc5 {[%emt 0:03:02] Black should prevent a3.} Nc6 11. Bd2 Bxc5 12. Ne2 Nb4 13. Qb1 ({But not} 13. Bxh7+ $2 Nxh7 14. Qb3 a5 $19) 13... Nxd3+ 14. Qxd3 Ne4 15. Nfd4 {[%emt 0:01:14] Inhibits Bf5.} a5 16. Rc1 (16. O-O $11 {keeps the balance.}) 16... b6 $1 $17 {[%emt 0:00:36] Hoping for ...Ba6.} 17. Bc3 Ba6 18. Qd1 Rc8 19. O-O (19. Rc2 $142) 19... Bxd4 20. exd4 Qf6 (20... f5 $142 21. Re1 Qh4) 21. f3 Nxc3 22. bxc3 Qe7 23. Re1 Qe3+ $1 24. Kh1 Rfe8 25. Ng3 Qxe1+ 26. Qxe1 Rxe1+ 27. Rxe1 $19 {[%emt 0:00:00][%mdl 4096] Endgame KRB-KRN} g6 {[%emt 0:00:01] Prevents Nf5.} 28. Rc1 Rc4 29. Ne2 Ra4 30. Rc2 Ra3 31. Nc1 {[%emt 0:00:07] Against Bd3} Bb5 32. Kg1 Ba4 33. Rb2 Rxc3 34. Ne2 Rc4 35. Rxb6 Bd1 36. Kf1 Bxe2+ 37. Kxe2 Rxd4 $17 {[%emt 0:00:05] KR-KR} 38. Kf2 (38. Rb3 $17) 38... Rd2+ $19 39. Kg3 a4 40. a3 Rd3 41. Rb5 Kg7 42. Rb4 Rxa3 {[%emt 0:00:07] And now ...Kf6 would win.} 43. Rd4 Kf6 44. Rxd5 Rc3 45. Ra5 {[%emt 0:00:04] [#]} a3 (45... Rc4 $1 $19 {has better winning chances.} 46. h3 h6) 46. Kf4 Ke6 (46... g5+ $17 47. Ke4 Kg6) 47. h4 (47. Kg5 $1 $11 {remains equal.}) 47... f6 (47... Kd6 $17 {aiming for ...Kc6.} 48. Ke4 h5) 48. Ke4 $11 h5 49. Kd4 Rb3 50. Kc4 Rb2 51. Rxa3 Rxg2 {[%emt 0:00:01] White must now prevent ...Ke5.} 52. Kd3 g5 ({Better is} 52... Rb2 $17 {...Rb4 is the strong threat.} 53. Ra4 Kf5) 53. hxg5 $15 fxg5 54. Ke3 h4 55. Ra6+ Kf5 56. Ra5+ {[%emt 0:00:03] [#]} Kg6 (56... Kf6 $1 $17 {Strongly threatening ...h3.} 57. Ra6+ Ke5) 57. Ra6+ $1 $11 Kh5 58. Ra8 Rb2 59. Rh8+ Kg6 60. f4 $1 {[%emt 0:00:21] The position is equal.} h3 61. fxg5 Kxg5 62. Kf3 h2 63. Kg3 Ra2 64. Rxh2 Rxh2 65. Kxh2 {[%emt 0:00:00] And White is the lucky defender.  Weighted Error Value: White=0.14 (very precise) /Black=0.14 (very precise)} 1/2-1/2

[Event "FTX Crypto Cup MCCT 2022"]
[Site "Miami"]
[Date "2022.08.11"]
[Round "7.3"]
[White "Carlsen, Magnus"]
[Black "Praggnanandhaa R"]
[Result "1-0"]
[ECO "E04"]
[WhiteElo "2864"]
[BlackElo "2648"]
[Annotator "TA"]
[PlyCount "143"]
[EventDate "2022.08.10"]
[EventType "tourn"]
[EventCountry "USA"]
[SourceTitle "playchess.com"]
[Source "ChessBase"]
[SourceQuality "1"]
[TimeControl "900+10"]

1. Nf3 d5 2. d4 Nf6 3. c4 e6 4. g3 dxc4 5. Bg2 Bd7 6. Qc2 c5 7. Qxc4 Bc6 8. dxc5 Nbd7 9. Be3 Bd5 10. Qc1 $5 {[%emt 0:01:56][%mdl 4] Exploring less charted territory. E04: Open Catalan: 5 Nf3.} Ng4 {[%emt 0:01:47] [#]} 11. Bg5 $146 ({Predecessor:} 11. Bd4 e5 12. h3 exd4 13. hxg4 Nxc5 14. O-O Ne6 15. Rd1 Rc8 16. Qd2 Bc5 17. Qd3 Qb6 {0-1 (79) Li,B (2319)-Yuan,Q (2359) Changsha 2019}) 11... Qa5+ 12. Qc3 {[%emt 0:01:05] White has an edge.} Qxc5 13. O-O Bc6 14. h3 Nge5 15. Nxe5 Nxe5 16. Rd1 Bxg2 17. Kxg2 Qc6+ 18. f3 Qxc3 19. Nxc3 {[%emt 0:00:01][%cal Bb1c3,Bc3a4,Ba4b6,Bb6c8][%mdl 32] Strongly threatening Nb5.} a6 {[%emt 0:01:05] Against Nb5} 20. Na4 {[%emt 0:01:21] Black must now prevent Nb6.} Be7 21. Bf4 Nc6 22. Nb6 Rd8 23. Bc7 Rxd1 24. Rxd1 Bc5 25. Nc8 f6 26. Bb6 O-O 27. Bxc5 Rxc8 $11 {[%emt 0:00:01][%mdl 4096] Endgame KRB-KRN} 28. Rd6 Rd8 29. Rxe6 Rd2 30. Ba3 Kf7 31. Re4 b5 32. Kf2 f5 (32... Rd1 $11 {keeps the balance.}) 33. Rf4 $16 Ke6 {[%emt 0:00:14] ...g5 is the strong threat.} 34. Ke1 (34. g4 $1 $16) 34... Rd8 (34... g5 $1 $14) 35. g4 g5 36. gxf5+ ({Don't do} 36. Rxf5 b4 $16) 36... Kf6 37. Re4 {[%emt 0:00:03] aiming for Re6+.} Kxf5 38. Bc5 {[%emt 0:00:04] Against Nd4} Rd5 39. Be3 Ne5 (39... h5 $142 40. h4 gxh4) 40. h4 $18 h6 41. hxg5 hxg5 42. Rd4 Rxd4 43. Bxd4 {[%emt 0:00:01] KB-KN} Nc6 {[%emt 0:00:12] [#]} 44. Bc3 g4 45. Kf2 gxf3 46. Kxf3 Ke6 $2 {[%emt 0:00:06][%mdl 8192] [#] Black cannot hold the game after this.} (46... a5 $16 {keeps fighting.} 47. e4+ Ke6) 47. Ke4 $1 Nb8 $2 (47... b4) 48. Kd4 Nd7 49. Bb4 Nb6 50. b3 Nd5 51. Bd2 Nf6 52. e4 Nd7 (52... Nh5 $142 53. Bc1 Kd6) 53. Bb4 Nf6 (53... Ne5 $142 54. Bf8 Nd7) 54. e5 Nd5 55. Bd6 b4 56. Kc4 a5 57. Kb5 (57. Kc5 $142 Nc3 58. Kb6 a4 59. Ka5 axb3 60. axb3 Ne2 61. Kxb4 Kd5 62. Ka4) 57... Nc3+ 58. Kxa5 Nxa2 59. Ka4 Kd5 60. Kb5 Ke6 61. Kc4 Kf5 62. Kd5 Nc3+ 63. Kc6 Ke6 64. Kc5 Na2 65. Kb5 Kd5 66. Ka4 Ke6 67. Bxb4 {[%emt 0:00:01] White mates.} Nc1 68. Bd6 Kd5 69. b4 Nd3 70. b5 Nb2+ 71. Ka5 Nc4+ 72. Ka6 {[%emt 0:00:01] Weighted Error Value: White=0.14 (very precise) /Black=0.57} 1-0

[Event "FTX Crypto Cup MCCT 2022"]
[Site "Miami"]
[Date "2022.08.11"]
[Round "7.3"]
[White "Aronian, Levon"]
[Black "Firouzja, Alireza"]
[Result "1/2-1/2"]
[ECO "A28"]
[WhiteElo "2775"]
[BlackElo "2793"]
[Annotator "TA"]
[PlyCount "117"]
[EventDate "2022.08.10"]
[EventType "tourn"]
[EventCountry "USA"]
[SourceTitle "playchess.com"]
[Source "ChessBase"]
[SourceQuality "1"]
[TimeControl "900+10"]

1. c4 e5 2. Nc3 Nf6 3. Nf3 Nc6 4. e4 Bb4 5. d3 d6 6. Be2 {[%emt 0:00:01] A28: English Opening: Four Knights Variation.} Bc5 {[%emt 0:00:01] 6...Bg4 is a critical line.} 7. O-O O-O 8. Nd2 {[%emt 0:00:22] [#]} a5 $146 ({Predecessor:} 8... Nd4 9. Nb3 Nxb3 10. axb3 c6 11. Kh1 Bd4 12. f4 exf4 13. Bxf4 Be6 14. Qe1 Ne8 {1-0 (49) Glavina,P (2412)-Alonso Moyano,J (2334) Linares 2020}) 9. Nb3 Bb6 10. Na4 Ba7 11. Kh1 Bd7 12. f4 h6 (12... Ne7 $5 13. Nc3 a4 $15) 13. Nc3 Bb6 14. a4 Nd4 15. Nxd4 Bxd4 16. Qe1 exf4 17. Bxf4 Nh7 18. Qg3 Kh8 19. Rab1 Ng5 20. Nb5 Bxb5 21. cxb5 Ne6 22. Bd2 Be5 23. Qh3 Kh7 (23... Qe7 $11) 24. Bg4 $14 Nd4 25. Rf2 {[%emt 0:02:13] White is more active.} Qe7 26. Rbf1 c6 27. Bf5+ Nxf5 28. exf5 {[%emt 0:00:02][%cal Of5f6] aiming for f6!} Bf6 (28... Bxb2 29. f6 (29. Bxh6 gxh6 30. Rxb2 Qf6 $11) 29... Qe6 30. Qh4 $16) 29. Re1 (29. g4 $11 {keeps the balance.}) 29... Qd8 (29... Qd7 $17 30. bxc6 Qxc6) 30. g4 Bh4 31. f6 $1 Bxf6 {[%emt 0:00:16] And now ...Bh4 would win.} (31... Bxf2 32. fxg7 Qh4 33. gxf8=N+ Rxf8 34. Qxh4 Bxh4 35. Rc1 $14) 32. Rf5 (32. Ref1 $1 $15 Bg5 33. Bxg5 Qxg5 34. Rf5) 32... Kg8 ({Better is} 32... Bxb2 $17 {Strongly threatening ...Qd7.} 33. Qg2 Be5) 33. Bxh6 $1 $15 Bh4 (33... gxh6 $2 34. Qxh6 Re8 35. Ref1 $18 (35. Rxe8+ Qxe8 36. Qxf6 Qe6 $18)) 34. g5 Bxe1 35. Bxg7 $1 {[%emt 0:00:04][%mdl 64] [#] Decoy} Kxg7 36. Qh6+ Kg8 37. g6 Qh4 (37... fxg6 $2 {is a self mate.} 38. Qxg6+ Kh8 39. Rh5#) 38. Rh5 {[%emt 0:00:02] Chess con chili.} Qxh5 $1 39. Qxh5 Kg7 40. Qh7+ Kf6 41. g7 Rg8 42. Qh6+ Ke7 43. Qe3+ Kd7 {[%emt 0:00:01] White must now prevent ...Rae8.} 44. Qxe1 Rxg7 $11 {[%emt 0:00:01][%mdl 4096] Endgame KQ-KRR} 45. Qf2 Rag8 46. Qb6 f5 47. h3 (47. Qxb7+ {leads to mate.} Ke6) 47... cxb5 48. Qxb5+ Ke6 49. Qb3+ Ke5 50. Qb6 {[%emt 0:00:02][%mdl 8192] Prevents Rg1+.} (50. Qc3+ $11 Kf4 51. Qd2+ Kf3 52. Qd1+ Ke3 53. Qe1+ Kxd3 54. Qc3+ Ke4 55. Qe1+ Kf4 56. Qd2+ Ke4 57. Qe1+ Kf4 58. Qd2+ Ke5 59. Qxa5+ Ke6 60. Qd2) 50... Rg3 (50... Rg1+ $142 51. Qxg1 Rxg1+ 52. Kxg1 Kd4) 51. Kh2 $19 {[%emt 0:00:01] [#]} Rg2+ $1 52. Kh1 R2g3 $2 (52... Kf4 $19 53. Qxd6+ Kf3 54. Qd5+ Ke2 55. Qe5+ Kd1) 53. Kh2 $1 $15 f4 (53... Rxd3 $15 54. Qb5+ Rd5 55. Qe2+ Kf6) 54. Qxb7 $11 {[%emt 0:00:03] Qe4+ is the strong threat. The position is equal.} d5 {[%emt 0:00:14] Inhibits Qe4+.} 55. Qc7+ Kf5 56. Qf7+ Ke5 57. Qc7+ Kf5 58. Qf7+ Ke5 {[%emt 0:00:00] ( -> ...Rg2+)} 59. Qc7+ {[%emt 0:00:01] Weighted Error Value: White=0.22 (precise) /Black=0.23 (precise)} 1/2-1/2

[Event "FTX Crypto Cup MCCT 2022"]
[Site "Miami"]
[Date "2022.08.11"]
[Round "7.3"]
[White "Duda, Jan-Krzysztof"]
[Black "Giri, Anish"]
[Result "1/2-1/2"]
[ECO "B51"]
[WhiteElo "2750"]
[BlackElo "2760"]
[Annotator "TA"]
[PlyCount "65"]
[EventDate "2022.08.10"]
[EventType "tourn"]
[EventCountry "USA"]
[SourceTitle "playchess.com"]
[Source "ChessBase"]
[SourceQuality "1"]
[TimeControl "900+10"]

1. e4 c5 2. Nf3 d6 3. Bb5+ Nd7 4. d4 cxd4 5. Qxd4 a6 6. Bxd7+ Bxd7 7. Nc3 Nf6 8. Bg5 e6 9. e5 {[%emt 0:00:07] B51: Sicilian: Moscow Variation (3 Bb5+) without 3...Bd7.} ({Better is} 9. O-O-O $14 h6 10. Bxf6 gxf6 11. Rd3) 9... dxe5 $11 10. Nxe5 {[%emt 0:00:00] [#] Threatens to win with Rd1.} Bb5 11. Qxd8+ Rxd8 12. Nxb5 axb5 13. Bxf6 gxf6 14. Nd3 {[%emt 0:00:00] [#]} Rg8 $146 ({Predecessor:} 14... b4 15. O-O-O Rg8 16. g3 Rg5 17. Kb1 Rgd5 18. Rde1 Rd4 19. f3 R8d5 20. Re4 Rxe4 21. fxe4 {0-1 (42) Tsuboi,E (2335)-Martinez,C (2335) Sao Paulo 1995}) 15. g3 Rg5 16. a3 {[%emt 0:02:03] The position is equal.} Rgd5 17. Ke2 e5 18. Rhd1 f5 19. f4 e4 20. Nb4 Rxd1 21. Rxd1 Rxd1 22. Kxd1 {[%emt 0:00:01][%mdl 4096] Endgame KB-KN} Kd7 23. Nd5 Kd6 24. Ne3 Ke6 25. c3 Bc5 26. Ke2 h5 27. h4 Bxe3 28. Kxe3 {[%emt 0:00:00] KP-KP} Kd5 {[%emt 0:00:00] [#] Strongly threatening ...Kc4.} 29. b3 Kc5 30. Ke2 Kd5 31. Ke3 Kc5 32. Ke2 Kd5 33. Ke3 {[%emt 0:00:00] An even fight not without its subleties.  Weighted Error Value: White=0.06 (flawless) /Black=0.03 (flawless)} 1/2-1/2

[Event "FTX Crypto Cup MCCT 2022"]
[Site "Miami"]
[Date "2022.08.11"]
[Round "7.3"]
[White "Le, Quang Liem"]
[Black "Niemann, Hans Moke"]
[Result "1/2-1/2"]
[ECO "E52"]
[WhiteElo "2722"]
[BlackElo "2688"]
[Annotator "TA"]
[PlyCount "91"]
[EventDate "2022.08.10"]
[EventType "tourn"]
[EventCountry "USA"]
[SourceTitle "playchess.com"]
[Source "ChessBase"]
[SourceQuality "1"]
[TimeControl "900+10"]

1. d4 Nf6 2. c4 e6 3. Nc3 Bb4 4. Nf3 O-O 5. e3 d5 6. Bd2 b6 7. cxd5 exd5 8. Bd3 Bb7 9. Rc1 Nbd7 10. O-O Be7 {[%emt 0:00:08] E52: Nimzo-Indian: Rubinstein: 4...0-0 5 Nf3 d5 6 Bd3 b6.} 11. Ne5 {[%emt 0:01:07] 11.Be1 is vanishing.} c5 12. Be1 cxd4 {[%emt 0:01:21] The position is equal.} 13. Nxd7 Qxd7 14. Nb5 Rac8 {[%emt 0:02:36] Against Rc7} (14... dxe3 $2 15. Rc7 Qe6 16. Rxb7 $18) 15. Rxc8 Rxc8 16. Nxd4 {[%emt 0:00:01] Strongly threatening Bf5.} Ne4 17. f3 {[%emt 0:00:17] [#] Bb5 is the strong threat.} Nc5 $146 ({Predecessor:} 17... Nd6 18. Bc3 Bf6 19. Qa1 Bg5 20. Re1 Qe7 21. Nc2 Bc6 22. Qc1 a5 23. Qd1 Bd7 {½-½ (39) Schulz,K (2391)-Cusicanqui,M (2412) ICCF email 2018}) 18. Bf5 Ne6 19. Bc3 Bf8 20. f4 {[%emt 0:01:01] Black must now prevent Qg4.} Qe8 21. Bxe6 fxe6 22. Qg4 Bc5 23. h3 Qg6 24. Qh4 Qf6 25. Qe1 Qf7 26. Kh2 Ba6 27. Rf3 Bd3 28. Rg3 Bf8 29. Nf3 {[%emt 0:00:35] [#] And now Ne5 would win.} Bf5 30. Qd1 g6 31. Ne5 ({Don't play} 31. Qd4 Bg7 32. Ne5 Qe8 $11) 31... Qe7 32. Rf3 Bg7 33. Rf2 Be4 34. Bd4 h6 35. Ng4 Kh7 36. a3 Bf5 37. Ne5 g5 38. Nf3 gxf4 39. exf4 Be4 40. Bxg7 Qxg7 41. Ne5 Rg8 42. Qg4 {[%emt 0:00:15] Against Qg3+} (42. g4 $14) 42... Qf6 43. Qe2 Qg7 (43... Rxg2+ $5 44. Rxg2 Qxf4+ 45. Rg3 Qxe5 $11) 44. Qg4 {[%emt 0:00:05] Inhibits Qg3+.} Qf6 45. Qe2 Qg7 (45... Rxg2+ $11 46. Rxg2 Qxf4+ 47. Rg3 Qxe5) 46. Qg4 {[%emt 0:00:05] Weighted Error Value: White=0.07 (flawless) /Black=0.10 (very precise)} (46. g4 $14) 1/2-1/2

[Event "FTX Crypto Cup MCCT 2022"]
[Site "Miami"]
[Date "2022.08.11"]
[Round "7.4"]
[White "Firouzja, Alireza"]
[Black "Aronian, Levon"]
[Result "1-0"]
[ECO "C65"]
[WhiteElo "2793"]
[BlackElo "2775"]
[Annotator "TA"]
[PlyCount "81"]
[EventDate "2022.08.10"]
[EventType "tourn"]
[EventCountry "USA"]
[SourceTitle "playchess.com"]
[Source "ChessBase"]
[SourceQuality "1"]
[TimeControl "900+10"]

1. e4 e5 2. Nf3 Nc6 3. Bb5 Nf6 4. d3 Bc5 5. c3 O-O 6. O-O {[%emt 0:00:04] C65: Ruy Lopez: Berlin Defence (3...Nf6), unusual lines and 4 0-0 Bc5.} Re8 7. Bg5 a6 {[%emt 0:00:02] now scores much better than the old 7...h6.} 8. Bxc6 $5 {[%emt 0:00:43][%mdl 4] The position is equal. A promising side line.} dxc6 9. h3 {[%emt 0:00:07] [#]} (9. Re1 {keeps more tension.} Bg4 10. h3 Bh5 11. Qe2) 9... Bf8 $146 ({Predecessor:} 9... h6 10. Bh4 Bd6 11. Nbd2 b5 12. Re1 c5 13. a4 Bb7 14. Qb3 g5 15. Bg3 Bc6 {½-½ (33) Padmini,R (2454)-Shen,Y (2459) Chengdu 2015}) 10. Qe2 Qd6 11. Nbd2 Nd7 12. Bh4 a5 13. Bg3 b6 14. Nc4 Qf6 15. Nfd2 b5 16. Ne3 Qd8 17. Rad1 a4 18. a3 Nc5 19. Nf3 f6 20. Qc2 Be6 {[%emt 0:00:08] White must now prevent ...Bb3.} 21. d4 Nd7 (21... Bb3 $11 22. dxc5 Bxc2 23. Rxd8 Rexd8 24. Nxc2 Bxc5) 22. c4 $16 {[%emt 0:00:48] White now steadily converts the win.} Qe7 23. dxe5 fxe5 ({Black should try} 23... Nxe5 24. Nxe5 (24. Bxe5 fxe5 25. Nxe5 bxc4 $16) 24... fxe5) 24. Bxe5 (24. Nxe5 $6 Nxe5 25. Bxe5 Bxh3 $16) (24. cxb5 $142 Nc5 25. bxc6) 24... Bxh3 25. Bxc7 $18 {[%emt 0:00:06] Threatens to win with cxb5.} (25. gxh3 Nxe5 26. Nxe5 Qxe5 $11) 25... Be6 26. Bd6 Qf6 (26... Qf7 $142 27. Ng5 Qg6) 27. e5 Qh6 28. Nd4 Bxd6 29. exd6 Ne5 $2 {[%emt 0:00:01] [#]} (29... Qh5 {was worth a try.} 30. cxb5 (30. Nxc6 bxc4 31. Nxc4 Kh8 $18) 30... cxb5 31. Nxe6 Rxe6) 30. cxb5 cxb5 31. Nxe6 Rxe6 32. f4 Nf7 33. Nf5 Qf6 34. Ne7+ Kh8 {[%emt 0:00:03] [#]} 35. Nd5 $1 Qh4 36. Qf5 Re2 37. Nc3 {[%emt 0:00:07] Active counter play!} ({Less strong is} 37. Qxf7 Qg3 38. Ne3 Qxe3+ 39. Kh2 Qe4 $16) 37... Re3 38. d7 ({And not} 38. Qxf7 Rh3 39. gxh3 Qg3+ 40. Kh1 Qxh3+ 41. Kg1 Qg3+ 42. Kh1 Qh3+ 43. Kg1 Qg3+ 44. Kh1 Qh3+ $11) 38... Kg8 39. Nxb5 Rd8 40. Nd4 Nh6 $2 (40... g6) 41. Qg5 {[%emt 0:00:14] Weighted Error Value: White=0.13 (very precise) /Black=0.35} 1-0

[Event "FTX Crypto Cup MCCT 2022"]
[Site "Miami"]
[Date "2022.08.11"]
[Round "7.4"]
[White "Niemann, Hans Moke"]
[Black "Le, Quang Liem"]
[Result "0-1"]
[ECO "C54"]
[WhiteElo "2688"]
[BlackElo "2722"]
[Annotator "TA"]
[PlyCount "144"]
[EventDate "2022.08.10"]
[EventType "tourn"]
[EventCountry "USA"]
[SourceTitle "playchess.com"]
[Source "ChessBase"]
[SourceQuality "1"]
[TimeControl "900+10"]

1. e4 e5 2. Nf3 Nc6 3. Bc4 Nf6 4. d3 Bc5 5. O-O d6 6. c3 O-O 7. Re1 Bb6 {[%emt 0:00:02] C54: Giuoco Piano: 4 c3 Nf6, main lines with 5 d4 and 5 d3.} 8. h3 Ne7 9. a4 {[%emt 0:00:31][%cal Ba2a4,Ba4a5][%mdl 32] 9.d4 gains popularity.} c6 {[%emt 0:00:10] The position is equal.} 10. d4 Ng6 11. dxe5 {[%emt 0:00:00] [#]} Nxe5 $146 ({Predecessor:} 11... dxe5 12. Qxd8 Rxd8 13. a5 Bc7 14. g3 h6 15. Kg2 Kf8 16. Nbd2 Ke8 17. b4 Ke7 {1-0 (65) Liang,J (2460)-Ngo,B (2298) Schaumburg 2022}) 12. Nxe5 dxe5 13. Qxd8 Rxd8 14. a5 Bc7 15. Nd2 Bd7 16. b4 b5 17. Ba2 c5 18. bxc5 Bc6 {[%emt 0:00:05] Against Bd5} 19. Bb1 Rab8 20. Nb3 b4 {[%emt 0:00:06] Against Ba3} 21. c4 Bd7 22. Be3 Be6 23. Rc1 a6 $1 24. Kh2 h6 25. Ra4 Bd7 26. Ra2 Bc6 27. f3 Nh5 28. Rd2 Rxd2 29. Bxd2 Nf4 30. Bc2 Ne2 $36 {[%emt 0:00:41][%mdl 2048] Black has the initiative.} 31. Ra1 f5 32. Re1 (32. exf5 $11 {keeps the balance.} e4+ 33. f4 Nxf4 34. Bxf4 Bxf4+ 35. Kg1) 32... Nd4 $1 $17 33. Nxd4 exd4+ 34. e5 Bxa5 35. Bxf5 Bc7 36. Be6+ Kf8 {[%emt 0:00:11][%mdl 1024] Black has strong compensation.} 37. Bd5 Be8 {[%emt 0:00:06] Threatens to win with ...b3.} 38. Bc1 Bg6 39. Bb2 b3 40. f4 (40. Kg1 $142) 40... Bc2 $1 41. Bxd4 b2 42. Bxb2 Rxb2 43. Re2 Ra2 $1 44. Bb7 g5 $1 45. fxg5 hxg5 46. Bxa6 Rxa6 47. Rxc2 Bxe5+ $19 {[%emt 0:00:00][%mdl 4096] Endgame KRB-KR} 48. Kg1 {[%emt 0:00:01] [#]} Bd4+ (48... Bg3 $142 $1 49. Rc1 Ke7) 49. Kh2 Be5+ (49... Ra3 $142 50. Rd2 Be5+ 51. Kg1 Kf7) 50. Kg1 $1 $17 {[%emt 0:00:03] [#]} Ke7 ({Black should play} 50... Bg3 $1 $17 {( -> ...Ra1+)} 51. Rc1 Ke7) 51. Kf2 $15 Ra3 {[%emt 0:00:04] And now ...Bd4+ would win. Black is more active.} 52. Re2 (52. Ke2 $17 {was worth a try.}) 52... Kf6 $19 53. Rc2 $2 (53. Ke1 {is more resistant.}) 53... Bd4+ 54. Ke2 Bxc5 55. Rd2 Re3+ 56. Kf1 $2 (56. Kd1) 56... Rc3 57. Rd5 Rxc4 {[%emt 0:00:06] aiming for ...Rf4+.} 58. g3 {[%emt 0:00:11] Inhibits Rf4+.} Be7 59. Kg2 Ke6 60. Rd3 Bd6 61. Kf3 Bc5 62. Rd1 Ke5 (62... Ra4 $142 {Strongly threatening ...Bd6.} 63. Re1+ Kf5 64. g4+ Kg6) 63. Rd3 $2 (63. Rd7) 63... Bb4 $2 (63... Bd6 64. Ke2 Ra4) 64. Rd1 $2 (64. Re3+ Kf5 65. Rd3) 64... Bd6 65. Rd3 Ke6 66. Rb3 Kf5 {[%emt 0:00:09] Hoping for ...Bc5.} 67. Rb5+ $2 (67. Rd3 Be5 68. Re3) 67... Bc5 68. Rb3 Rc2 69. g4+ Ke5 70. Kg3 Ke4 {[%emt 0:00:09][%cal Rc5d6] Black mates.} 71. h4 Bd6+ 72. Kh3 Rh2# {[%emt 0:00:00] Weighted Error Value: White=0.39/Black=0.15 (very precise)} 0-1

[Event "FTX Crypto Cup MCCT 2022"]
[Site "Miami"]
[Date "2022.08.11"]
[Round "7.4"]
[White "Praggnanandhaa R"]
[Black "Carlsen, Magnus"]
[Result "1-0"]
[ECO "A40"]
[WhiteElo "2648"]
[BlackElo "2864"]
[Annotator "TA"]
[PlyCount "101"]
[EventDate "2022.08.10"]
[EventType "tourn"]
[EventCountry "USA"]
[SourceTitle "playchess.com"]
[Source "ChessBase"]
[SourceQuality "1"]
[TimeControl "900+10"]

1. d4 e6 2. c4 Bb4+ 3. Bd2 Bxd2+ 4. Qxd2 f5 5. Nc3 Nf6 6. e3 {[%emt 0:00:23] A40: Unusual replies to 1 d4.} d6 7. Bd3 e5 8. Nge2 {[%emt 0:00:26] [#] White is slightly better.} c5 $146 ({Predecessor:} 8... O-O 9. O-O Nc6 10. Rab1 Nb4 11. f3 {½-½ (11) Palac,M (2521)-Tratar,M (2424) Trieste 2021}) 9. d5 ({White should try} 9. O-O $14) 9... e4 $11 10. Bc2 Nbd7 11. Ba4 O-O 12. Bxd7 Nxd7 13. h4 Ne5 14. b3 Nd3+ (14... Bd7 $17 15. a4 a6) 15. Kf1 $15 Qf6 16. Nf4 b5 (16... Nxf4 $15 17. exf4 b5 18. cxb5 a6 19. bxa6 Bxa6+ 20. Kg1 Rab8) 17. Nxd3 $11 exd3 18. cxb5 (18. Qxd3 $2 b4 19. g3 bxc3 $19) 18... a6 $1 19. Rd1 (19. Qxd3 $2 axb5 20. Re1 b4 $19) (19. bxa6 $11 Bxa6 20. g3) 19... axb5 20. Nxb5 f4 21. exf4 Bg4 22. f3 Bf5 23. Kf2 Rfe8 {[%emt 0:00:32] Hoping for ...Re2+.} 24. Nc3 {[%emt 0:01:46] Inhibits Re2+.} h5 {[%emt 0:00:08] Prevents g4.} 25. Rde1 Rxe1 26. Rxe1 (26. Qxe1 $2 {loses.} Qd4+ 27. Kg3 d2 $19) 26... Qxh4+ 27. Kg1 Qf6 28. Nb5 h4 29. a4 c4 30. bxc4 {[%emt 0:00:09] Black must now prevent a5.} Rxa4 31. Rc1 Kh7 32. Kh2 Bg6 33. Rc3 Ra2 34. Qxa2 Qxf4+ 35. Kh1 {[%emt 0:01:20] Qf2 is the strong threat.} d2 36. Qa1 {[%emt 0:00:03] And now Qd1 would win.} Qe5 {[%emt 0:02:55] [#] Threatens to win with ...Qe1+.} 37. Rc1 {[%emt 0:00:04] Inhibits Qe1+.} dxc1=R+ (37... dxc1=Q+ 38. Qxc1) 38. Qxc1 {[%emt 0:00:01][%mdl 4096] Endgame KQB-KQN} Bd3 (38... Qg3 $11) 39. Qd2 $1 $16 Bf5 {[%emt 0:02:57] A mistake that costs the game.} (39... Bg6 $16) 40. Qg5 $1 $18 h3 $2 {[%emt 0:00:20] [#]} (40... Qe1+ 41. Kh2 g6) 41. Nxd6 $1 hxg2+ 42. Kg1 ({But not} 42. Kxg2 $2 Bh3+ 43. Kxh3 Qxg5 $19) 42... Qe1+ 43. Kxg2 Qe2+ (43... Bd3 $142 44. Ne4 Qf1+ 45. Kg3 Qg1+ 46. Kf4 Qc1+ 47. Kg4 Qg1+ 48. Kf5 Qf2) 44. Kg3 Qe5+ {[%emt 0:00:06] [#]} 45. Kf2 $1 Qb2+ 46. Kg1 Qd4+ 47. Kg2 Qb2+ 48. Kh1 {[%emt 0:00:06] Qh5+ would kill now.} Bd3 49. Qe3 Bf1 50. Qg1 {[%emt 0:00:12] Against Qg2+} Qc1 (50... Be2 $142 51. Qg4 Qc1+ 52. Kh2 Bd3) 51. Nf5 {[%emt 0:00:20] Weighted Error Value: White=0.09 (flawless) /Black=0.30} 1-0